 Dungeon Crawl Stone Soup version 0.21-a0-442-g848f44b (webtiles) character file.

139 AverageBear the Cutter (level 5, 28/31 HPs)
             Began as a Deep Elf Fighter on Nov 12, 2017.
             Quit the game on level 3 of the Dungeon.
             The game lasted 00:01:45 (2024 turns).

AverageBear the Cutter (Deep Elf Fighter)           Turns: 2024, Time: 00:01:46

Health: 28/31      AC:  4    Str: 14    XL:     5   Next: 1%
Magic:  7/7        EV:  6    Int: 13    God:
Gold:   108        SH:  8    Dex: 14    Spells: 4/4 levels left

rFire    . . .     SeeInvis .   a - +0 rapier
rCold    . . .     Gourm    .   c - +0 shield
rNeg     . . .     Faith    .   b - +0 scale mail
rPois    .         Spirit   .   (no helmet)
rElec    .         Reflect  .   e - +0 cloak
rCorr    .         Harm     .   (no gloves)
MR       .....                  (no boots)
Stlth    ..........             (no amulet)
HPRegen  0.10/turn              g - -3 ring of protection (curse)
MPRegen  0.10/turn              (no ring)

@: no status effects
A: no striking features
a: no special abilities


You were on level 3 of the Dungeon.
You were not hungry.

You visited 1 branch of the dungeon, and saw 3 of its levels.

You collected 108 gold pieces.

Inventory:

Hand Weapons
 a - a +0 rapier (weapon)
Armour
 b - a +0 scale mail (worn)
 c - a +0 shield (worn)
 e - a +0 cloak (worn)
Jewellery
 g - a cursed -3 ring of protection (left hand)
Potions
 j - a potion of degeneration {unknown}
Comestibles
 d - 2 chunks of flesh
 f - 3 bread rations
 h - 4 royal jellies
 i - 2 meat rations


   Skills:
 - Level 2.4 Fighting
 + Level 5.2 Short Blades
 - Level 2.4 Armour
 - Level 2.4 Shields


You had 4 spell levels left.
You didn't know any spells.

Dungeon Overview and Level Annotations

Branches:
Dungeon (3/15)

Altars:

Annotations:
D:3 Grinder


Message History

You puncture the adder!
You kill the adder!
You have reached level 5!
You see here a jackal corpse.
You butcher the jackal corpse.
d - 3 chunks of flesh You see here a jackal skeleton.
g - a gilded ring Put on which piece of jewellery? (? for menu, Esc to quit)
Oops, that ring feels deathly cold.
g - a cursed -3 ring of protection (left hand) Eating one of 3 chunks of flesh.
You eat one of the 3 chunks of flesh.
This raw flesh tastes terrible.
Found 14 sling bullets.
No target in view!
j - a dark potion No target in view!
Found a dagger.
No target in view!
Are you sure you want to abandon this character and quit the game? (Confirm with "yes".)

.### #..## # ....# .>.#
##. #.#...#..# ... ) #.#
#.#..##.##.#.. #.#
#............#
#.###รท#####.#.####....
#...........#........#
..............##........
##............##@.......
#............#....(....
#......................
#...........##.........
#...........##.........
#...........##?........
# ##........ ##.......


There were no monsters in sight!

Vanquished Creatures
  2 orc wizards (D:2)
  2 adders
  An ooze (D:3)
  A worm (D:2)
  A dart slug (D:2)
  2 leopard geckos
  3 orcs (D:2)
  5 giant cockroaches (D:1)
  2 goblins (D:1)
  5 hobgoblins
  8 jackals
  3 bats
  4 frilled lizards
  8 kobolds
  7 rats
54 creatures vanquished.

Vanquished Creatures (others)
  A plant (D:1)
1 creature vanquished.

Grand Total: 55 creatures vanquished

Notes
Turn   | Place    | Note
-------+----------+-------------------------------------------
     0 | D:1      | AverageBear the Deep Elf Fighter began the quest for the Orb.
     0 | D:1      | Reached XP level 1. HP: 13/13 MP: 3/3
   264 | D:1      | Reached XP level 2. HP: 16/18 MP: 4/4
   312 | D:1      | Reached skill level 3 in Short Blades
   664 | D:1      | Reached XP level 3. HP: 17/22 MP: 5/5
  1033 | D:2      | Reached skill level 4 in Short Blades
  1548 | D:2      | Reached XP level 4. HP: 16/27 MP: 6/6
  1561 | D:2      | Reached skill level 5 in Short Blades
  1976 | D:3      | Noticed Grinder
  1980 | D:3      | Paralysed by Grinder for 2 turns
  2005 | D:3      | Reached XP level 5. HP: 26/31 MP: 7/7
  2024 | D:3      | Quit the game

Vault maps used:
D:1:      erik_arrival_cave_to_civilisation, serial_forest,
          infiniplex_forest_corner_2, infiniplex_forest_lined_room_2,
          infiniplex_forest_clump_large, infiniplex_forest_clump_small,
          infiniplex_forest_lined_2, infiniplex_forest_straight_3, minivault_19
D:3:      vehumet_crystals, minitemple, uniq_grinder

Skill      XL: |  1  2  3  4 |
---------------+-------------+-----
Short Blades   | 3 4 5 |  5.2
Fighting       | |  2.4
Armour         | |  2.4
Shields        | |  2.4

Action                   |  1- 3 |  4- 6 || total
-------------------------+-------+-------++-------
Melee: Rapier            |   153 |    33 ||   186
  Use: Potion            |     1 |     2 ||     3
       Scroll            |       |     3 ||     3
  Eat: Chunk             |     2 |     2 ||     4
Armor: Scale mail        |    53 |    10 ||    63
       Skin              |     7 |    18 ||    25
Dodge: Dodged            |    31 |     4 ||    35
Block: Shield            |    69 |    16 ||    85

Table legend:
 A = Spawn XP
 B = Non-spawn XP
 C = Spawn XP percentage of total XP
 D = Spawn monster count
 E = Non-spawn monster count
 F = Spawn count percentage of total count
 G = Total turns spent on level
                    A         B        C        D         E        F      G
               +---------+---------+-------+---------+---------+-------+---------
         Total |       0 |     199 |   0.0 |       0 |      54 |   0.0 |  2024
               +---------+---------+-------+---------+---------+-------+---------
           D:1 |       0 |      48 |   0.0 |       0 |      28 |   0.0 |   876
           D:2 |       0 |     128 |   0.0 |       0 |      22 |   0.0 |  1083
           D:3 |       0 |      23 |   0.0 |       0 |       4 |   0.0 |    65
               +---------+---------+-------+---------+---------+-------+---------
